 Dungeon Sprint DCSS version 0.24-a0-250-g6074511092 (webtiles) character file.

Game seed: 2312190140475504670

410 Redear the Party-goer (level 6, -2/63 HPs)
             Began as a Deep Dwarf Fighter on Apr 15, 2019.
             Was a Priest of Uskayaw.
             Slain by a draconian
             ... wielding a +0 dagger
              (3 damage)
             ... in the Dungeon (Sprint V: "Ziggurat Sprint").
             The game lasted 00:02:29 (151 turns).

Redear the Party-goer (Deep Dwarf Fighter)           Turns: 151, Time: 00:02:30

Health: -2/63      AC: 28    Str: 20    XL:     6   Next: 58%
Magic:  3/12       EV:  0    Int:  9    God:    Uskayaw [***...]
Gold:   0          SH: 29    Dex: 13    Spells: 5/5 levels left

rFire    . . .     SeeInvis .   u - +7 Singing Sword {slice, sonic wave}
rCold    . . .     Gourm    .   t - +18 shield of the Gong {rElec rN+ MR+ EV-5}
rNeg     + . .     Faith    .   s - +15 Maxwell's patent armour {-Cast -Tele rElec MR+ rCorr}
rPois    .         Spirit   .   (no helmet)
rElec    +         Reflect  .   (no cloak)
rCorr    +         Harm     .   (no gloves)
MR       ++...     NoTele   +   (no boots) Stlth ..........NoCast +
                                (no amulet)
HPRegen  0.00/turn              (no ring)
MPRegen  0.13/turn              (no ring)

@: non-regenerating
A: damage resistance, heal wounds, sense surroundings 1, no regeneration
a: Heal Wounds, Stomp, Line Pass, Renounce Religion


You were in the Dungeon.
You worshipped Uskayaw.
Uskayaw was aware of your devotion.
You were not hungry.

You visited 1 branch

Inventory:

Hand Weapons
 a - a +0 war axe
 r - the cursed +14 obsidian axe {chop, +Fly SInv *Curse}
   (You found it in the Dungeon)

   It inflicts extra damage upon your enemies.
   It lets you see invisible.
   It lets you fly.
   It curses itself when equipped.
   It has a curse placed upon it.
 u - the +7 Singing Sword (weapon) {slice, sonic wave}
   (You found it in the Dungeon)

   It inflicts extra damage upon your enemies.
 v - the +8 lance "Wyrmbane" {slay drac, rPois rF+ rC+ AC+3}
   (You found it in the Dungeon)

   It affects your AC (+3).
   It protects you from fire.
   It protects you from cold.
   It protects you from poison.
 w - the +0 sword of Power
   (You found it in the Dungeon)
 x - the +9 sword of Zonguldrok {reap}
   (You found it in the Dungeon)

   If a monster killed with it leaves a corpse in good enough shape, the corpse
   will be animated as a zombie friendly to the killer.
Armour
 b - a +0 scale mail
 c - a +0 shield
 s - the +15 Maxwell's patent armour (worn) {-Cast -Tele rElec MR+ rCorr}
   (You found it in the Dungeon)

   It insulates you from electricity.
   It affects your resistance to hostile enchantments.
   It prevents spellcasting.
   It prevents most forms of teleportation.
   It provides partial protection from all sources of acid and corrosion.
 t - the +18 shield of the Gong (worn) {rElec rN+ MR+ EV-5}
   (You found it in the Dungeon)

   It affects your evasion (-5).
   It insulates you from electricity.
   It protects you from negative energy.
   It affects your resistance to hostile enchantments.
 y - a +3 buckler
 C - a +3 large shield
 D - a +3 shield
Wands
 q - a wand of disintegration (7)
 A - a wand of acid (7)
 I - a wand of iceblast (7)
Scrolls
 m - 4 scrolls of amnesia
 n - 7 scrolls of fog
 o - a scroll of holy word
 p - 2 scrolls of fear
 B - 4 scrolls of blinking {@r4}
 N - 5 scrolls of remove curse
 R - 5 scrolls of identify
Potions
 d - 6 potions of might {Str+5 DMG+1d10 | @q3}
 e - 2 potions of brilliance {Archmagi Int+5 Wiz++}
 f - 2 potions of invisibility
 g - 10 potions of heal wounds {@q1}
 h - 4 potions of resistance {rF+ rC+ rPois rElec rCorr}
 i - 7 potions of magic
 j - 3 potions of berserk rage
 k - a potion of experience
 l - 5 potions of agility {Stlth+ Dex+5 EV+5 | @q4}
 H - 6 potions of haste {@q5}
 Q - 10 potions of curing {@q2}
Comestibles
 z - 7 rations
 E - 8 chunks of flesh


   Skills:
 + Level 6.4 Fighting
 + Level 7.3 Axes
 + Level 7.7 Armour
 + Level 7.7 Shields
 + Level 8.2 Invocations


You had 5 spell levels left.
You didn't know any spells.
Your spell library contained the following spells:

 Spells                   Type           Power        Failure   Level  Hunger
 Corona                   Hex            #......      100%        1    ##.....
 Corpse Rot               Necr           N/A          100%        2    ###....
 Slow                     Hex            #.......     100%        2    ###....
 Inner Flame              Hex/Fire       #.......     100%        3    ####...
 Portal Projectile        Hex/Tloc       #.....       100%        3    ####...
 Stone Arrow              Conj/Erth      #.....       100%        3    ####...
 Cause Fear               Hex            #.........   100%        4    #####..
 Leda's Liquefaction      Hex/Erth       #.........   100%        4    #####..
 Summon Forest            Summ/Tloc      #.........   100%        5    ######.
 Hydra Form               Tmut           #.........   100%        6    #######
 Summon Hydra             Summ           #.........   100%        7    #######


Dungeon Overview and Level Annotations

Branches:
Dungeon (1/1)

Altars:
Ashenzari
Cheibriados
Dithmenos
Elyvilon
Fedhas
Gozag
Hepliaklqana
Kikubaaqudgha
Makhleb
Nemelex Xobeh
Okawaru
Qazlal
Ru
Sif Muna
Trog
Uskayaw
Vehumet
Wu Jian
Xom
Yredelemnul
Zin
The Shining One
Beogh
Jiyva
Lugonu

Annotations:
D 1 transporter


Innate Abilities, Weirdness & Mutations

You are resistant to damage.
You can heal yourself by infusing magical energy.
You passively map a small area around you.
You do not regenerate.


Message History

You block the draconian's attack.
GONNNNG!
The draconian hits you with a +0 dagger.
The red draconian breathes flames at you.
The searing blast hits you!!
* * * LOW HITPOINT WARNING * * *
You block the draconian's attack.
PTOANNNG!
The draconian hits you with a +0 dagger.
* * * LOW HITPOINT WARNING * * *
Uskayaw will force your foes to helplessly watch your dance.
Uskayaw prepares the audience for your solo!
You take 17 damage, and have 1/63 hp.
MASSIVE DAMAGE!!
Unknown command.
The helpless red draconian fails to defend itself.
You slash the red draconian!
The red draconian is almost dead.
The draconian is no longer paralysed.
The draconian hits you with a +0 dagger.
You die...

**
▓▓▓▓▓▓▓▓▓▓▓▓▓▓▓▓▓▓▓
8
▓.8©8.▓.8©8.▓.8©8.▓
,,
▓.)):.▓.}|..▓.....▓
▓..)..▓.....▓.}...▓
,
*▓.ddd.▓.....▓.÷÷..▓
▓.)@..▓.....▓.....▓
,
*▓.....▓.....▓..©..▓
,
▓..○..▓..©..▓▓▓▓▓▓▓
, , ▓▓▓▓▓▓▓▓▓▓▓▓▓* *
, , , ,* * * , , ,
,,* , , * * , ,, ,,
, 8 , , , ,


You could see a red draconian (paralysed) and 2 draconians.

Vanquished Creatures
  A draconian (D)
  A crimson imp (D)
  A shadow imp (D)
  An adder skeleton (D)
  2 ball pythons (D)
6 creatures vanquished.

Notes
Turn   | Place    | Note
-------+----------+-------------------------------------------
     0 | D        | Found the +6 Majin-Bo {vamp, Archmagi MP+6 Int+6}
     0 | D        | Found the +7 great mace "Firestarter" {inner flame, rF++}
     0 | D        | Redear the Deep Dwarf Fighter began the quest for the Orb.
     0 | D        | Reached XP level 1. HP: 20/20 MP: 1/1
     0 | D        | Found a deep blue altar of Sif Muna.
     0 | D        | Found a bloodstained altar of Trog.
     0 | D        | Found a sacrificial altar of Ru.
     0 | D        | Found a stormy altar of Qazlal.
     0 | D        | Found an iron altar of Okawaru.
     1 | D        | Found a sparkling altar of Nemelex Xobeh.
     1 | D        | Found a blossoming altar of Fedhas.
     3 | D        | Found a transporter.
     3 | D        | Found an ancient bone altar of Kikubaaqudgha.
     3 | D        | Found a viscous altar of Jiyva.
     3 | D        | Found a corrupted altar of Lugonu.
     3 | D        | Found a hazy altar of Hepliaklqana.
     3 | D        | Found a burning altar of Makhleb.
     3 | D        | Found an opulent altar of Gozag.
    23 | D        | Found the +9 heavy crossbow "Sniper" {velocity, Acc+∞ SInv}
    23 | D        | Found the +10 dark maul {crush}
    23 | D        | Found the +15 Maxwell's patent armour {-Cast -Tele rElec
                  | MR+ rCorr}
    23 | D        | Found the +18 shield of the Gong {rElec rN+ MR+ EV-5}
    23 | D        | Found the cursed +14 obsidian axe {chop, +Fly SInv *Curse}
    25 | D        | Found the +6 shillelagh "Devastator" {shatter}
    25 | D        | Found the +11 plutonium sword {*Contam Stlth-}
    25 | D        | Found the +8 lance "Wyrmbane" {slay drac, rPois rF+ rC+
                  | AC+3}
    25 | D        | Found the +9 sword of Zonguldrok {reap}
    25 | D        | Found the cursed +13 scythe of Curses {drain, *Curse}
    25 | D        | Found the +0 sword of Power
    25 | D        | Found the +7 mace of Variability {chain chaos}
    25 | D        | Found the +7 Singing Sword {slice, sonic wave}
    25 | D        | Found the +7 longbow "Piercer" {penet, EV-2}
    76 | D        | Became a worshipper of Uskayaw the Reveler
   106 | D        | Entered arena 2.
   106 | D        | Found a transporter.
   109 | D        | Reached skill level 1 in Invocations
   110 | D        | Reached * piety under Uskayaw
   128 | D        | Entered arena 3.
   128 | D        | Noticed a crimson imp
   128 | D        | Found a transporter.
   130 | D        | Killed a crimson imp
   130 | D        | Reached skill level 3 in Fighting
   130 | D        | Reached skill level 3 in Axes
   130 | D        | Reached skill level 4 in Armour
   130 | D        | Reached skill level 4 in Shields
   130 | D        | Reached skill level 3 in Invocations
   130 | D        | Reached XP level 2. HP: 30/30 MP: 1/4
   130 | D        | Reached XP level 3. HP: 36/36 MP: 1/5
   130 | D        | Reached ** piety under Uskayaw
   133 | D        | Reached skill level 4 in Axes
   142 | D        | Entered arena 4.
   142 | D        | Noticed a red draconian
   142 | D        | Noticed a draconian
   142 | D        | Noticed a draconian
   142 | D        | Noticed a draconian
   142 | D        | Found a transporter.
   150 | D        | Killed a draconian
   150 | D        | Reached skill level 6 in Fighting
   150 | D        | Reached skill level 7 in Axes
   150 | D        | Reached skill level 7 in Armour
   150 | D        | Reached skill level 7 in Shields
   150 | D        | Reached skill level 8 in Invocations
   150 | D        | Reached XP level 4. HP: 24/49 MP: 3/10
   150 | D        | Reached XP level 5. HP: 28/56 MP: 3/11
   150 | D        | Reached XP level 6. HP: 31/63 MP: 3/12
   150 | D        | HP: 3/63 [red draconian/searing blast (24)]
   150 | D        | HP: 1/63 [draconian/+0 dagger (2)]
   150 | D        | Reached *** piety under Uskayaw
   151 | D        | Slain by a draconian

Levels and vault maps discovered:
D:        sprint_v [room_start, room_1, room_2, room_3, room_4, room_5, room_6,
          room_7, room_8, room_9, room_10, room_11, room_12, room_13, room_14,
          room_15, room_16, room_17, room_18, room_19, room_20, room_21,
          room_22, room_23, room_24, room_25, room_26, room_27]

Skill      XL: |  1  2  3 |
---------------+----------+-----
Invocations    | 3 8 |  8.2
Fighting       | 3 6 |  6.4
Axes           | 3 7 |  7.3
Armour         | 4 7 |  7.7
Shields        | 4 7 |  7.7

Action                   |  1- 3 |  4- 6 || total
-------------------------+-------+-------++-------
Melee: Double sword      |    13 |     1 ||    14
 Stab: Paralysed         |       |     1 ||     1
Armor: Plate armour      |     8 |       ||     8
Block: Shield            |    25 |     3 ||    28

Table legend:
 A = Non-vault XP
 B = Vault XP
 C = Vault XP percentage of total XP
 D = Non-vault monster count
 E = Vault monster count
 F = Vault count percentage of total count
                 A         B        C        D         E       F
            +---------+---------+-------+---------+---------+-------
      Total |       0 |     587 | 100.0 |       0 |       6 | 100.0
            +---------+---------+-------+---------+---------+-------
          D |       0 |     587 | 100.0 |       0 |       6 | 100.0
            +---------+---------+-------+---------+---------+-------
